 Dungeon Crawl Stone Soup version 0.22-a0-866-geee50340df (webtiles) character file.

1113 LLavrengius the Insei (level 8, -1/81 HPs)
             Began as an Octopode Transmuter on July 28, 2018.
             Was an Initiate of Kikubaaqudgha.
             Slain by a killer bee (2 damage)
             ... summoned by an orange crystal statue
             ... on level 8 of the Dungeon.
             The game lasted 00:25:53 (6944 turns).

LLavrengius the Insei (Octopode Transmuter)         Turns: 6944, Time: 00:25:54

Health: -1/81      AC: 24    Str:  9      XL:     8   Next: 33%
Magic:  2/11       EV:  2    Int: 15 (18) God:    Kikubaaqudgha [......]
Gold:   269        SH:  0    Dex: 12      Spells: 8/11 levels left

rFire    . . .     SeeInvis +   w - +1 great sword (holy)
rCold    . . .     Gourm    .   (shield currently unavailable)
rNeg     + + +     Faith    .   (helmet currently unavailable)
rPois    +         Spirit   .   (no amulet)
rElec    .         Reflect  .   g - ring of see invisible
rCorr    .         Harm     .   B - ring of flight
MR       .....     NoTele   +   (no ring)
Stlth    +.........             (no ring)
HPRegen  0.23/turn              (no ring)
MPRegen  0.12/turn              (no ring)
                                (no ring)
                                (no ring)

@: confused, lethally poisoned (-1 -> -5), tree-form
A: almost no armour, stealthy swim, (amphibious), 8 rings, (constrict 8)
a: Renounce Religion


You were on level 8 of the Dungeon.
You worshipped Kikubaaqudgha.
Kikubaaqudgha was noncommittal.
You were hungry.
You were a tree.
You visited 2 branches of the dungeon, and saw 7 of its levels.

You collected 269 gold pieces.

Inventory:

Hand Weapons
 k - a +0 dagger of venom
 q - a +2 short sword of holy wrath
 w - a +1 great sword of holy wrath (weapon)
 y - a +0 arbalest
 E - a +2 whip of electrocution
Missiles
 a - 32 arrows
 f - 32 bolts
 o - 131 stones (quivered)
 p - a throwing net
 r - 3 tomahawks
 v - 23 poisoned needles
Jewellery
 g - a ring of see invisible (left branch)
 B - a ring of flight (right branch)
Wands
 C - a wand of iceblast (14)
Scrolls
 b - a scroll of immolation {unknown}
 e - a scroll of magic mapping {unknown}
 h - 4 scrolls of amnesia
 i - a scroll of identify
 s - 2 scrolls of teleportation {unknown}
 x - 3 scrolls of blinking {unknown}
 z - a scroll of remove curse {unknown}
Potions
 d - a potion of invisibility {unknown}
 j - 2 potions of haste
 m - a potion of lignification
 n - a potion of heal wounds {unknown}
 t - 2 potions of flight
 u - a potion of agility {unknown}
 A - 2 potions of magic
Comestibles
 c - 12 rations


   Skills:
 + Level 4.4 Fighting
 - Level 1.0 Short Blades
 - Level 2.0 Dodging
 * Level 7.1 Unarmed Combat
 - Level 2.0 Spellcasting
 + Level 4.9 Transmutations
   Level 3.0 Poison Magic


You had 8 spell levels left.
You knew the following spells:

 Your Spells              Type           Power        Failure   Level  Hunger
a - Beastly Appendage     Tmut           ###...       3%          1    #......
b - Sticks to Snakes      Tmut           ###.....     4%          2    ###....

Your spell library contained the following spells:

 Spells                   Type           Power        Failure   Level  Hunger
 Confuse                  Hex            #.......     54%         3    ###....
 Tukima's Dance           Hex            #.......     54%         3    ###....
 Spider Form              Tmut/Pois      ##........   13%         3    ###....
 Blade Hands              Tmut           ###.......   63%         5    ######.
 Ice Form                 Ice/Tmut       #.......     63%         4    #####..
 Ensorcelled Hibernation  Hex/Ice        #.....       32%         2    ###....
 Corona                   Hex            #......      22%         1    #......
 Dazzling Spray           Conj/Hex       #.....       54%         3    ###....


Dungeon Overview and Level Annotations

Branches:
Dungeon (8/15)             Temple (1/1) D:4
   Lair: D:8-11

Altars:
Ashenzari
Dithmenos
Fedhas
Gozag
Hepliaklqana
Kikubaaqudgha
Makhleb
Nemelex Xobeh
Okawaru
Qazlal
Ru
Sif Muna
Trog
Uskayaw
Vehumet
Wu Jian
Xom
Yredelemnul
Zin

Annotations:
D:8 exclusion: orange crystal statue


Innate Abilities, Weirdness & Mutations

You cannot wear most types of armour.
You are very stealthy in the water. (Stealth+)
((You are amphibious.))
You can wear up to eight rings at the same time.
((You can use your tentacles to constrict eight enemies at once.))
((Your skin changes colour to match your surroundings (Stealth+).))
((Your rubbery body absorbs attacks. (AC +1, EV +1)))


Message History

The orange crystal statue is severely damaged.
The killer bee stings you but does no damage. x3
The killer bee stings you.
* * * LOW HITPOINT WARNING * * *
The killer bee stings you but does no damage.
The killer bee completely misses you.
The sky beast hits you but does no damage.
The ice beast hits you but does no damage.
The killer bee stings you but does no damage. x3
The sky beast hits you but does no damage.
You miss the killer bee.
You feel sick.
The killer bee stings you but does no damage. x2
The killer bee barely misses you. The killer bee stings you.
* * * LOW HITPOINT WARNING * * *
You are more poisoned.
The killer bee poisons you!
The killer bee stings you but does no damage.
The killer bee stings you.
You die...
Kikubaaqudgha rasps: "You have failed me!
Welcome... death!"

###
##y##
#y♣y#
#(Y8Y.#
##.....#
##.....#
##.....#
#......
.....#
..####


You could see an orange crystal statue, an ice beast, a sky beast and 3 killer
bees.

Vanquished Creatures
  Sigmund (D:5)
  An ogre (D:4)
  A bullfrog (D:4)
  A scorpion (D:5)
  A hound (D:4)
  A jelly (D:5)
  An orc wizard (D:3)
  A centaur skeleton (D:5)
  Ijyb (D:5)
  3 worker ants (D:4)
  Robin (D:4)
  2 gnolls (D:1)
  9 adders
  A howler monkey skeleton (D:5)
  An ooze (D:1)
  An adder skeleton (D:5)
  An adder zombie (D:5)
  5 dart slugs
  4 leopard geckos
  9 orcs
  2 ball pythons
  10 bats
  6 giant cockroaches
  17 goblins
  9 hobgoblins
  7 jackals
  3 kobolds
  A quokka (D:5)
  8 frilled lizards
  A quokka skeleton (D:4)
  A rat (D:2)
111 creatures vanquished.

Vanquished Creatures (collateral kills)
  Pikel (D:5)
  A slave (D:5)
  A worker ant zombie (D:5)
3 creatures vanquished.

Grand Total: 114 creatures vanquished

Notes
Turn   | Place    | Note
-------+----------+-------------------------------------------
     0 | D:1      | LLavrengius the Octopode Transmuter began the quest for the Orb.
     0 | D:1      | Reached XP level 1. HP: 13/13 MP: 3/3
     6 | D:1      | Reached XP level 2. HP: 8/18 MP: 5/5
   571 | D:1      | Reached XP level 3. HP: 19/23 MP: 6/6
  1183 | D:1      | Reached skill level 1 in Short Blades
  1365 | D:2      | Reached XP level 4. HP: 29/29 MP: 7/7
  1372 | D:2      | Learned a level 2 spell: Sticks to Snakes
  1376 | D:2      | Learned a level 3 spell: Spider Form
  1633 | D:2      | Reached skill level 1 in Poison Magic
  1869 | D:2      | Reached skill level 4 in Unarmed Combat
  2286 | D:3      | Reached XP level 5. HP: 30/34 MP: 8/8
  2610 | D:3      | Found a glowing silver altar of Zin.
  2620 | D:3      | Found a shattered altar of Ashenzari.
  3207 | D:4      | Found a sparkling altar of Nemelex Xobeh.
  3318 | D:4      | Reached XP level 6. HP: 31/41 MP: 9/9
  3835 | D:4      | Noticed Robin
  4071 | D:4      | Killed Robin
  4160 | D:4      | Found a staircase to the Ecumenical Temple.
  4168 | D:4      | Reached skill level 5 in Unarmed Combat
  4209 | Temple   | Entered the Ecumenical Temple
  4429 | Temple   | Became a worshipper of Kikubaaqudgha
  4505 | D:4      | Reached XP level 7. HP: 34/46 MP: 10/10
  4995 | D:4      | Found an ornate altar of the Wu Jian Council.
  5195 | D:5      | Entered Level 5 of the Dungeon
  5217 | D:5      | Noticed Ijyb
  5227 | D:5      | Killed Ijyb
  5339 | D:5      | HP: 2/46 [acid (7)]
  5933 | D:5      | Noticed Sigmund
  5947 | D:5      | Killed Sigmund
  5947 | D:5      | Reached skill level 6 in Unarmed Combat
  6149 | D:5      | Found a shimmering altar of Xom.
  6492 | D:5      | Noticed Pikel
  6530 | D:5      | Killed Pikel
  6530 | D:5      | Reached skill level 7 in Unarmed Combat
  6530 | D:5      | Reached XP level 8. HP: 16/54 MP: 1/11
  6905 | D:5      | You fall through a shaft for 3 floors!
  6905 | D:8      | Noticed an orange crystal statue
  6944 | D:8      | HP: 1/81 [killer bee[an orange crystal statue] (4)]
  6944 | D:8      | Slain by a killer bee

Vault maps used:
D:1:      arrival_zaba_pyramid
D:3:      lemuel_round_altar, lemuel_crystal_altar
D:4:      lemuel_coloured_pillars_altar, kennysheep_little_box,
          minmay_temple_entry_statues_pillars, first_ration,
          minmay_misc_feat_hallway, uniq_robin
D:5:      basic_altar, uniq_pikel, uniq_ijyb, uniq_sigmund
D:8:      minmay_separated_statues, gammafunk_ghost_smash, uniq_prince_ribbit1
Temple:   regret_index_temple_generic_petals

Skill      XL: |  1  2  3  4  5  6  7 |
---------------+----------------------+-----
Short Blades   | 1 |  1.0
Fighting       | 2 3 4 |  4.4
Poison Magic   | 1 2 3 |  3.0
Unarmed Combat | 4 5 7 |  7.1
Transmutations | 3 4 |  4.9
Dodging        | |  2.0
Spellcasting   | |  2.0

Action                   |  1- 3 |  4- 6 |  7- 9 || total
-------------------------+-------+-------+-------++-------
Melee: Unarmed           |    52 |       |       ||    52
       Constrict         |    22 |    48 |    11 ||    81
       Tentacles         |    11 |    32 |    12 ||    55
       Dagger            |    18 |   168 |    69 ||   255
       Kick              |     3 |       |     4 ||     7
       Punch             |     1 |     6 |     3 ||    10
       Great sword       |       |       |    26 ||    26
 Cast: Beastly Appendage |     1 |       |     3 ||     4
       Sticks to Snakes  |       |     8 |    10 ||    18
  Use: Scroll            |       |       |     5 ||     5
       Potion            |       |       |     2 ||     2
 Stab: Sleeping          |     5 |     5 |     3 ||    13
  Eat: Chunk             |       |    11 |     5 ||    16
       Ration            |       |       |     1 ||     1
Armor: Skin              |     7 |    16 |   138 ||   161
Dodge: Dodged            |    50 |   107 |    54 ||   211

Table legend:
 A = Spawn XP
 B = Non-spawn XP
 C = Spawn XP percentage of total XP
 D = Spawn monster count
 E = Non-spawn monster count
 F = Spawn count percentage of total count
 G = Total turns spent on level
                    A         B        C        D         E        F      G
               +---------+---------+-------+---------+---------+-------+---------
         Total |       0 |    1591 |   0.0 |       0 |     113 |   0.0 |  6944
               +---------+---------+-------+---------+---------+-------+---------
           D:1 |       0 |      80 |   0.0 |       0 |      24 |   0.0 |  1350
           D:2 |       0 |      76 |   0.0 |       0 |      21 |   0.0 |   927
           D:3 |       0 |     124 |   0.0 |       0 |      25 |   0.0 |  1057
           D:4 |       0 |     400 |   0.0 |       0 |      30 |   0.0 |  1596
           D:5 |       0 |     911 |   0.0 |       0 |      13 |   0.0 |  1710
               +---------+---------+-------+---------+---------+-------+---------
